 Seeded DCSS version 0.30.1-4-g462c640d31 (webtiles) character file.

Game seed: 15660985446129201502 (custom seed)

2277 AccursedSamuel the Cruncher (level 9, 0/55 HPs)
             Began as a Tengu Monk on Sept 13, 2023.
             Was an Elder of Fedhas.
             Slain by Menkaure (13 damage)
             ... on level 6 of the Dungeon.
             The game lasted 00:12:27 (4890 turns).

AccursedSamuel the Cruncher (Tengu Monk)            Turns: 4890, Time: 00:12:28

Health: 0/55       AC: 18    Str: 13    XL:     9   Next: 39%
Magic:  10/10      EV: 11    Int: 11    God:    Fedhas [****..]
Gold:   432        SH:  0    Dex: 19    Spells: 8/8 levels left

rFire   . . .        q - +3 quarterstaff (chaos)
rCold   + + .        (shield currently unavailable)
rNeg    . . .        i - +3 chain mail {rC+}
rPois   .            (helmet restricted)
rElec   .            r - +2 cloak
rCorr   .            (no gloves)
SInv    .            (boots unavailable)
Will    .....        e - amulet of regeneration Stlth
                     p - +4 ring of protection
HPRegen 1.09/turn    l - ring of protection from cold
MPRegen 0.12/turn

%: no passive effects
@: flying quickly and evasively, quick
A: beak, talons 3, nimble flight
a: Renounce Religion, Wall of Briars, Grow Ballistomycete, Overgrow


You were on level 6 of the Dungeon.
You worshipped Fedhas.
Fedhas was greatly pleased with you.
You visited 1 branch of the dungeon, and saw 6 of its levels.

You collected 432 gold pieces.

Inventory:

Hand Weapons
 q - a +3 quarterstaff of chaos (weapon)
Armour
 d - an orb of light
 i - a +3 chain mail of cold resistance (worn)
 r - a +2 cloak (worn)
Jewellery
 e - an amulet of regeneration (around neck)
 l - a ring of protection from cold (right hand)
 p - a +4 ring of protection (left hand)
Wands
 a - a wand of iceblast (2)
Scrolls
 f - a scroll of blinking
 g - 2 scrolls of identify
 n - 6 scrolls of teleportation
Potions
 b - 2 potions of haste {unknown}
 c - a potion of ambrosia
 h - 2 potions of lignification
 j - a potion of berserk rage {unknown}
 k - a potion of brilliance {unknown}
 o - a potion of magic


   Skills:
 + Level 5.7 Fighting
 + Level 5.2(7.5) Polearms
 + Level 8.2(8.9) Staves
 + Level 1.7 Armour
 + Level 7.1 Dodging
 + Level 4.1 Stealth


You had 8 spell levels left.
You didn't know any spells.
Your spell library contained the following spells:

 Spells                   Type           Power      Damage    Failure   Level
 Cigotuvi's Dreadful Rot  Necr/Pois/Air  0%         N/A       100%        2
 Lesser Beckoning         Tloc           0%         N/A       100%        2
 Gell's Gravitas          Tloc           0%         N/A       100%        3
 Ignite Poison            Fire/Tmut/Pois 0%         N/A       100%        3
 Teleport Other           Tloc           0%         N/A       100%        3
 Dispel Undead            Necr           0%         3d6       100%        4
 Sticky Flame             Conj/Fire      0%         2d3       100%        4
 Death Channel            Necr           0%         N/A       100%        6
 Ignition                 Fire           0%         3d3       100%        8


Dungeon Overview and Level Annotations

Branches:
Dungeon (6/15)
 Temple: D:4-7

Altars:
Elyvilon
Fedhas
Ru
Uskayaw
Wu Jian

Annotations:
D:6 Menkaure


Innate Abilities, Weirdness & Mutations

You have a beak for a mouth.
You have claws for feet.
Your magical nature lets you fly swiftly and evasively.


Message History

You sock the howler monkey! You burn the howler monkey.
Your kick misses the howler monkey.
You peck the howler monkey, but do no damage.
The howler monkey is severely wounded.
The howler monkey hoots and howls with incredible vigour!
You hit the howler monkey.
You kill the howler monkey!
Fedhas appreciates your contribution to the ecosystem.
Found 2 stones.
Menkaure, Prince of Dust comes into view.
Menkaure shouts!
Menkaure is nearby!
Menkaure is nearby!
Menkaure gestures wildly while chanting.
Menkaure seems to speed up.
You hear a bark!
A hound comes into view.
Found an arbalest.
The hound barks!
A centaur comes into view.
Menkaure hits you.
You completely miss Menkaure. Menkaure hits you!
You hit Menkaure but do no damage. Your kick misses Menkaure.
You peck Menkaure, but do no damage.
The hound stops to sniff the ground.
The hound bites you but does no damage. Menkaure closely misses you.
You sock Menkaure! You freeze Menkaure.
Menkaure is heavily damaged.
The hound bites you but does no damage. Menkaure hits you!
You hit Menkaure. You claw Menkaure, but do no damage.
Menkaure is severely damaged.
The hound closely misses you.
Menkaure calls on the powers of darkness!
Your body is wracked with pain!
* * * LOW HITPOINT WARNING * * *
The centaur convulses!
The hound convulses!
The hound closely misses you. The hound attacks as you move away!
The hound bites you but does no damage. Menkaure hits you!
You die...
Fedhas appreciates your contribution to the ecosystem.

#. #.. #..
##.##..##. #
#.........###.#
...#..........#
...........# #
........##.##.#
#.....h.......#
##.M....##.#
#.#@##.# .# ..
#.##.##.#### ...
..#........# ..)
.###........# .#
#. #........# #
#........#
#........#
##........#####.#
#...##.......##.#


You could see Menkaure (fast) and a hound.

Vanquished Creatures
  A harpy (shapeshifter) (D:6)
  Sigmund (D:4)
  2 yaks (D:6)
  Edmund (D:5)
  A centaur (D:6)
  2 ogres
  2 scorpions
  4 wights (D:6)
  A howler monkey (D:6)
  2 hounds
  3 quasits (D:5)
  Crazy Yiuf (D:2)
  3 orc priests
  5 iguanas
  Jessica (D:2)
  Ijyb (D:4)
  3 adders
  4 shadow imps
  2 white imps (D:5)
  6 ufetubi
  A worm (D:4)
  4 dart slugs
  10 orcs
  9 endoplasms
  2 giant cockroaches (D:2)
  7 goblins
  9 hobgoblins
  6 kobolds
  6 quokkas
  6 ball pythons
  3 bats
  7 frilled lizards
  8 rats
  A spectral kobold (D:2)
125 creatures vanquished.

Notes
Turn   | Place    | Note
-------+----------+-------------------------------------------
     0 | D:1      | AccursedSamuel the Tengu Monk began the quest for the Orb.
     0 | D:1      | Reached XP level 1. HP: 14/14 MP: 2/2
    77 | D:1      | Reached XP level 2. HP: 7/19 MP: 3/3
   186 | D:1      | Identified a scroll of acquirement
   186 | D:1      | Acquired an amulet of regeneration
   575 | D:1      | Reached XP level 3. HP: 21/23 MP: 4/4
  1042 | D:2      | Found a faded altar of an unknown god.
  1079 | D:2      | Prayed at the altar of an unknown god.
  1079 | D:2      | Became a worshipper of Fedhas Madash
  1079 | D:2      | Reached * piety under Fedhas
  1079 | D:2      | Reached ** piety under Fedhas
  1254 | D:2      | Reached *** piety under Fedhas
  1360 | D:2      | Reached XP level 4. HP: 28/28 MP: 5/5
  1377 | D:2      | Noticed Jessica
  1390 | D:2      | Killed Jessica
  1545 | D:2      | Found a runed translucent door.
  1546 | D:2      | Noticed Crazy Yiuf
  1554 | D:2      | Killed Crazy Yiuf
  1555 | D:2      | Gained mutation: Your magical nature lets you fly swiftly
                  | and evasively. [Tengu growth]
  1555 | D:2      | Reached XP level 5. HP: 29/33 MP: 6/6
  2295 | D:3      | Found an ornate altar of the Wu Jian Council.
  2378 | D:4      | Reached skill level 1 in Staves
  2378 | D:4      | Reached skill level 1 in Stealth
  2395 | D:4      | Reached skill level 5 in Polearms
  2395 | D:4      | Reached skill level 5 in Dodging
  2395 | D:4      | Reached XP level 6. HP: 38/38 MP: 7/7
  2462 | D:4      | Noticed Ijyb
  2468 | D:4      | Noticed Sigmund
  2471 | D:4      | Killed Ijyb
  2479 | D:4      | Killed Sigmund
  2480 | D:4      | Reached skill level 2 in Staves
  2480 | D:4      | Reached XP level 7. HP: 43/43 MP: 8/8
  2594 | D:4      | Reached skill level 3 in Staves
  2769 | D:4      | Reached **** piety under Fedhas
  3393 | D:5      | Entered Level 5 of the Dungeon
  3552 | D:5      | Reached skill level 4 in Staves
  3553 | D:5      | Found a sacrificial altar of Ru.
  3588 | D:5      | Reached XP level 8. HP: 48/48 MP: 9/9
  3670 | D:5      | Found a white marble altar of Elyvilon.
  3748 | D:5      | Noticed Edmund
  3768 | D:5      | Killed Edmund
  3769 | D:5      | Reached skill level 5 in Staves
  4605 | D:6      | Reached skill level 5 in Fighting
  4626 | D:6      | Noticed a yak
  4626 | D:6      | Noticed a yak
  4627 | D:6      | Noticed a yak
  4642 | D:6      | Killed a yak
  4643 | D:6      | Reached skill level 6 in Staves
  4650 | D:6      | Killed a yak
  4651 | D:6      | a yak changed into a shapeshifter
  4651 | D:6      | Noticed a shapeshifter (shapeshifter)
  4651 | D:6      | a shapeshifter changed into a harpy
  4651 | D:6      | Noticed a harpy (shapeshifter)
  4657 | D:6      | Killed a harpy
  4658 | D:6      | Reached skill level 7 in Staves
  4658 | D:6      | Reached skill level 1 in Armour
  4658 | D:6      | Reached XP level 9. HP: 49/54 MP: 10/10
  4785 | D:6      | Reached skill level 8 in Staves
  4806 | D:6      | Found a hide-covered altar of Uskayaw.
  4878 | D:6      | Noticed Menkaure
  4890 | D:6      | Slain by Menkaure

Illustrated notes

Levels and vault maps discovered:
D:1:      minmay_arrival_pointy, layout_loops_ring, minmay_gold_behind_fungi
D:2:      layout_basic, dreamdust_ecumenical_altar_drowned_temple,
          hangedman_decor_clover_reticule, fountainhead,
          uniq_crazy_yiuf_cottage, uniq_jessica
D:3:      layout_loops_ring, general_overflow_altar, serial_bayou_pond_d
D:4:      layout_basic, nicolae_eternal_life, uniq_ijyb, uniq_sigmund
D:5:      layout_layer_cave, mainiacjoe_overflow_small_starburst,
          elyvilon_altar_1, serial_demonic, serial_demonic_e, serial_demonic_b,
          serial_demonic_e, serial_demonic_a, serial_demonic_e,
          serial_demonic_e, serial_demonic_g, serial_demonic_a,
          serial_demonic_d, serial_demonic_g, uniq_edmund
D:6:      layout_basic, nicolae_uskayaw_suspiria, ebering_ghost_rock_garden,
          minivault_22, uniq_menkaure

Skill      XL: |  1  2  3  4  5  6  7  8  9 |
---------------+----------------------------+-----
Polearms       | 4 5 |  5.2
Dodging        | 4 5 6 7 |  7.1
Staves         | 1 2 4 7 8 |  8.2
Stealth        | 1 3 4 |  4.1
Fighting       | 4 5 |  5.7
Armour         | 1 |  1.7

Action                     |  1- 3 |  4- 6 |  7- 9 || total
---------------------------+-------+-------+-------++-------
  Melee: Spear             |    81 |    14 |       ||    95
         Kick              |    23 |    18 |    45 ||    86
         Peck              |    12 |     9 |    26 ||    47
         Quarterstaff      |       |    49 |   152 ||   201
    Use: Scroll            |     2 |     5 |     4 ||    11
         Potion            |     1 |     4 |       ||     5
   Stab: Sleeping          |       |     2 |     6 ||     8
 Armour: Robe              |    19 |     9 |    20 ||    48
         Chain mail        |       |       |    34 ||    34
  Dodge: Dodged            |    77 |    40 |   151 ||   268
